 Dungeon Crawl Stone Soup version 0.28.0-53-g5a82cb258f (webtiles) character file.

Game seed: 6198840974151005351

254 quixfox the Chopper (level 6, 0/56 HPs)
             Began as a Hill Orc Fighter on July 10, 2022.
             Slain by a crimson imp (3 damage)
             ... summoned by Eustachio
             ... on level 4 of the Dungeon.
             The game lasted 00:05:10 (2846 turns).

quixfox the Chopper (Hill Orc Fighter)              Turns: 2846, Time: 00:05:10

Health: 0/56       AC: 11    Str: 21    XL:     6   Next: 14%
Magic:  6/6        EV:  7    Int:  8    God:
Gold:   153        SH:  4    Dex: 10    Spells: 5/5 levels left

rFire   . . .      SeeInvis .   a - +0 war axe
rCold   . . .      Faith    .   c - +0 buckler
rNeg    . . .      Spirit   .   e - +0 chain mail
rPois   .          Reflect  .   f - +1 helmet
rElec   .          Harm     .   (no cloak)
rCorr   .          Rampage  .   (no gloves)
Will    .....                   (no boots)
Stlth   ..........              (no amulet)
HPRegen 0.18/turn               (no ring)
MPRegen 0.10/turn               (no ring)

@: no status effects
A: no striking features
a: no special abilities


You were on level 4 of the Dungeon.
You visited 1 branch of the dungeon, and saw 4 of its levels.

You collected 153 gold pieces.

Inventory:

Hand Weapons
 a - a +0 war axe (weapon)
Armour
 c - a +0 buckler (worn)
 e - a +0 chain mail (worn)
 f - a +1 helmet (worn)
Wands
 l - a wand of digging (4)
Scrolls
 i - a scroll of amnesia
 n - a scroll of magic mapping {unknown}
 o - a scroll of teleportation {unknown}
 q - a scroll of silence {unknown}
Potions
 b - a potion of mutation {unknown}
 d - a potion of might
 g - 3 potions of degeneration {unknown}
 h - 2 potions of attraction {unknown}
 j - a potion of lignification {unknown}
 k - a potion of heal wounds {unknown}
 m - a potion of curing {unknown}
 p - a potion of flight {unknown}


   Skills:
 + Level 5.0 Fighting
 * Level 6.1 Axes
 + Level 4.6 Armour
 - Level 3.2 Shields


You had 5 spell levels left.
You didn't know any spells.
Your spell library was empty.

Dungeon Overview and Level Annotations

Branches:
Dungeon (4/15)
 Temple: D:4-7

Altars:

Shops:
D:3 *

Annotations:
D:4 Eustachio


Message History

You closely miss the white imp. You closely miss the bat.
The white imp disappears in a puff of smoke!
The bat hits you but does no damage. Eustachio barely misses you.
You barely miss Eustachio.
Eustachio is heavily wounded.
You slash the river rat! The bat hits you but does no damage.
Eustachio barely misses you. The river rat bites you. The river rat bites you!
Eustachio drinks a potion.
Eustachio seems to grow stronger.
You hit Eustachio but do no damage.
Eustachio is heavily wounded.
You barely miss the river rat. The bat hits you but does no damage.
Eustachio mumbles some strange words.
Eustachio blinks!
The river rat bites you. The bat hits you but does no damage.
You slash Eustachio!
Eustachio is almost dead.
You slash the bat!
You kill the bat!
The bat's corpse disappears in a puff of smoke!
You closely miss the river rat. The river rat closely misses you.
Eustachio hits you with a +0 rapier!
* * * LOW HITPOINT WARNING * * *
You closely miss Eustachio.
Eustachio is almost dead.
You barely miss the river rat.
The river rat bites you but does no damage.
Eustachio completely misses you.
You closely miss Eustachio.
Eustachio is almost dead.
You hit the river rat but do no damage. You block the river rat's attack.
Eustachio hits you with a +0 rapier.
* * * LOW HITPOINT WARNING * * *
The river rat barely misses you.
Eustachio mumbles some strange words.
You hit Eustachio.
Eustachio is almost dead.
You barely miss the river rat.
You hit the crimson imp but do no damage.
You block the river rat's attack. The crimson imp hits you.
You die...

##### #...# #.5.#
.#######@@.#
.......r...#
.#.#####...#######
................
......##.######.
....(. #.†#
......###.####
.#...........#
#.#.........#


You could see Eustachio (strong), a crimson imp (summoned) and a river rat
(summoned).

Vanquished Creatures
  A black bear (D:4)
  A hound (D:3)
  Jessica (D:3)
  An orc wizard (D:3)
  2 adders
  2 dart slugs (D:1)
  4 orcs (D:3)
  4 ball pythons
  5 endoplasms
  2 giant cockroaches
  3 goblins
  10 hobgoblins
  5 jackals
  6 kobolds
  2 quokkas
  5 bats
  3 frilled lizards (D:1)
  A rat (D:1)
58 creatures vanquished.

Notes
Turn   | Place    | Note
-------+----------+-------------------------------------------
     0 | D:1      | quixfox the Hill Orc Fighter began the quest for the Orb.
     0 | D:1      | Reached XP level 1. HP: 19/19 MP: 1/1
   103 | D:1      | Found a faded altar of an unknown god.
   276 | D:1      | Reached skill level 3 in Axes
   309 | D:1      | Reached XP level 2. HP: 27/27 MP: 2/2
   678 | D:1      | Reached XP level 3. HP: 33/33 MP: 3/3
  1155 | D:2      | Reached skill level 4 in Axes
  1720 | D:3      | Reached XP level 4. HP: 40/40 MP: 4/4
  1949 | D:3      | Reached skill level 5 in Axes
  1949 | D:3      | Reached XP level 5. HP: 33/47 MP: 5/5
  2060 | D:3      | Noticed Jessica
  2066 | D:3      | Killed Jessica
  2324 | D:3      | Found Vixt's Assorted Antiques.
  2675 | D:4      | Noticed a black bear
  2690 | D:4      | Killed a black bear
  2691 | D:4      | Reached skill level 5 in Fighting
  2691 | D:4      | Reached skill level 6 in Axes
  2691 | D:4      | Reached XP level 6. HP: 42/56 MP: 6/6
  2808 | D:4      | Noticed Eustachio
  2845 | D:4      | HP: 2/56 [Eustachio/+0 rapier (6)]
  2846 | D:4      | Slain by a crimson imp

Illustrated notes

Levels and vault maps discovered:
D:1:      psy_arrival_statuary, layout_loops_corners,
          shapermc_ecumenical_altar_acropolis, kennysheep_small_spiral
D:2:      layout_rooms
D:3:      layout_loops_ring, serial_shops, shop_coins, uniq_jessica
D:4:      layout_basic, temple_statues, uniq_pikel, uniq_edmund, uniq_eustachio

Skill      XL: |  1  2  3  4  5 |
---------------+----------------+-----
Axes           | 3 4 5 6 |  6.1
Fighting       | 4 5 |  5.0
Armour         | 4 |  4.6
Shields        | |  3.2

Action                   |  1- 3 |  4- 6 || total
-------------------------+-------+-------++-------
Melee: War axe           |   121 |   111 ||   232
  Use: Scroll            |       |     1 ||     1
       Potion            |       |     1 ||     1
Armor: Scale mail        |    24 |       ||    24
       Chain mail        |    55 |    88 ||   143
Dodge: Dodged            |    56 |    45 ||   101
Block: Buckler           |    33 |    25 ||    58
